 Dungeon Crawl Stone Soup version 0.17.0-73-gb648821 (webtiles) character file.

88 Saitama the Insei (level 4, 0/35 HPs)
             Began as a Mummy Monk on Dec 9, 2015.
             Slain by an adder (1 damage)
             ... on level 2 of the Dungeon.
             The game lasted 00:18:31 (4366 turns).

Saitama the Insei (Mummy Monk)                      Turns: 4366, Time: 00:18:31

Health: 0/35       AC:  0    Str: 14    XL:     4   Next: 29%
Magic:  4/4        EV: 13    Int:  9    God:
Gold:   104        SH:  0    Dex: 15    Spells: 0 memorised, 3 levels left

rFire  x . .     SeeInvis .       - Unarmed
rCold  + . .     Clarity  .     (no armour)
rNeg   + + +     SustAt   .     (no shield)
rPois  ∞         Gourm    .     (no helmet)
rElec  .         Spirit   .     (no cloak)
rCorr  .         Warding  .     (no gloves)
rMut   .         Stasis   .     (no boots)
MR     .....                    (no amulet)
Stlth  ++........               (no ring)
                                (no ring)

@: not resistant to hostile enchantments, unstealthy
A: no food or potions, fire vulnerability, cold resistance 1, negative energy
resistance 3, torment resistance, unbreathing
a: no special abilities


You were on level 2 of the Dungeon.
You were not hungry.

You visited 1 branch of the dungeon, and saw 3 of its levels.

You collected 104 gold pieces.

Inventory:

Scrolls
 a - a scroll of random uselessness
 b - 2 scrolls of amnesia
Comestibles
 f - a bread ration (quivered)


   Skills:
 - Level 3.0 Fighting
 - Level 2.4 Dodging
 - Level 1.5 Stealth
 + Level 4.8 Unarmed Combat


You had 3 spell levels left.
You didn't know any spells.

Dungeon Overview and Level Annotations

Branches:
Dungeon (3/15)

Altars:
Yredelemnul

Annotations:
D:2 exclusion: downstairs
D:3 shit stair placement


Innate Abilities, Weirdness & Mutations

You do not eat or drink.
Your flesh is vulnerable to fire.
You are immune to poison.
Your flesh is cold resistant.
You are immune to negative energy.
You are immune to unholy pain and torment.
You can survive without breathing.


Message History

* * * LOW HITPOINT WARNING * * *
You miss the adder.
The adder is moderately wounded.
The adder closely misses you.
Enter note: rest in pieces another MuMo You closely miss the adder.
The adder is moderately wounded.
The adder bites you.
* * * LOW HITPOINT WARNING * * *
You miss the adder.
The adder is moderately wounded.
The adder bites you.
* * * LOW HITPOINT WARNING * * *
You barely miss the adder.
The adder is moderately wounded.
The adder closely misses you.
You closely miss the adder.
The adder is moderately wounded.
The adder bites you.
You die...

.........############ #.#
####.###..##........# #.#
####.####.##......b.# #.#
...........'..bb>.b.# #.#
####.####..#.....b..# #.# ## #.#
##.#........# #.#######.
###÷#####.#...b....# #.........
#..........####S###############.
#..........# #@#..........# #.
#..........####.#.########[# #.
#...........#...#.# #.# #.
##.........#.#...#.# #.# #.
####.#######.....#(# #.# #. #
#.# ##....#.########.# #. # #.#
######....'..........# #. # #.#
#†...##...#.########## #. # #.#
#....##..[#.# #.


You could see an adder.

Vanquished Creatures
  A gnoll (D:1)
  2 adders (D:2)
  An ooze (D:1)
  4 orcs
  3 giant cockroaches
  3 hobgoblins
  9 jackals
  8 kobolds
  6 bats
  A giant newt (D:1)
  3 goblins
  A jackal skeleton (D:2)
  12 rats
54 creatures vanquished.

Vanquished Creatures (others)
  An adder (D:2)
  A goblin (D:2)
  A quokka (D:2)
  A giant cockroach (D:2)
4 creatures vanquished.

Grand Total: 58 creatures vanquished

Notes
Turn   | Place    | Note
--------------------------------------------------------------
     0 | D:1      | Saitama the Mummy Monk began the quest for the Orb.
     0 | D:1      | Reached XP level 1. HP: 18/18 MP: 1/1
   817 | D:1      | Reached XP level 2. HP: 20/24 MP: 2/2
   915 | D:1      | that's even
  1165 | D:1      | Reached skill level 4 in Unarmed Combat
  1384 | D:1      | Reached XP level 3. HP: 20/29 MP: 3/3
  2143 | D:2      | Found a runed door.
  2146 | D:2      | Noticed a human
  2511 | D:2      | Found a basalt altar of Yredelemnul.
  2552 | D:2      | prepared
  2561 | D:2      | oi
  2733 | D:2      | THE PURITY
  3431 | D:2      | Reached XP level 4. HP: 35/35 MP: 4/4
  3564 | D:3      | Noticed an ogre
  3565 | D:3      | NOPE
  4210 | D:3      | fucking purity of uc
  4238 | D:2      | fug
  4316 | D:3      | just fuck off
  4357 | D:2      | t-thanks
  4363 | D:2      | rest in pieces another MuMo
  4364 | D:2      | HP: 1/35 [adder (3)]
  4366 | D:2      | Slain by an adder

Action                   |  1- 3 |  4- 6 || total
-------------------------+-------+-------++-------
Melee: Unarmed           |   176 |    69 ||   245
  Use: Scroll            |     2 |     5 ||     7
 Stab: Sleeping          |     1 |     1 ||     2
